 Dungeon Crawl Stone Soup version 0.30-a0-585-g93115170b9 (webtiles) character file.

Game seed: 1352974473385427788

67 bmack86 the Trooper (level 3, 0/33 HPs)
             Began as a Minotaur Fighter on Jan 2, 2023.
             Killed by divine providence
             ... invoked by an orc priest
              (14 damage)
             ... on level 3 of the Dungeon.
             The game lasted 00:04:38 (1551 turns).

bmack86 the Trooper (Minotaur Fighter)              Turns: 1551, Time: 00:04:39

Health: 0/33       AC:  8    Str: 22    XL:     3   Next: 98%
Magic:  2/2        EV:  9    Int:  5    God:
Gold:   162        SH:  4    Dex:  9    Spells: 2/2 levels left

rFire   + . .      SeeInvis .    a - +0 war axe
rCold   x . .      Faith    .    c - +0 buckler
rNeg    . . .      Spirit   .    b - +0 scale mail
rPois   .          Reflect  .    (helmet restricted)
rElec   .          Harm     .    (no cloak)
rCorr   .          Rampage  .    r - +0 pair of gloves
Will    .....                    (no boots) Stlth
                                 (no amulet)
HPRegen 0.25/turn                g - ring of fire
MPRegen 0.08/turn                (no ring)

@: no status effects
A: horns 2, retaliatory headbutt
a: no special abilities


You were on level 3 of the Dungeon.
You visited 1 branch of the dungeon, and saw 3 of its levels.

You collected 162 gold pieces.

Inventory:

Hand Weapons
 a - a +0 war axe (weapon)
Missiles
 h - 6 boomerangs (quivered)
 n - 8 poisoned darts
 q - 3 datura-tipped darts
Armour
 b - a +0 scale mail (worn)
 c - a +0 buckler (worn)
 r - a +0 pair of gloves (worn)
Jewellery
 g - a ring of fire (left hand)
Scrolls
 m - a scroll of enchant armour {unknown}
 p - a scroll of magic mapping
 s - 2 scrolls of poison {unknown}
Potions
 d - a potion of might
 e - a potion of lignification {unknown}
 f - a potion of brilliance {unknown}
 i - a potion of curing {unknown}
 j - a potion of ambrosia {unknown}
 k - a potion of mutation {unknown}
 l - a potion of flight {unknown}
 o - 3 potions of attraction {unknown}


   Skills:
 + Level 4.1 Fighting
 * Level 3.6 Axes
 + Level 1.1 Throwing
 + Level 4.1 Armour
 + Level 4.1 Shields


You had 2 spell levels left.
You didn't know any spells.
Your spell library was empty.

Dungeon Overview and Level Annotations

Branches:
Dungeon (3/15)

Altars:
Ru

Shops:
D:3 (=((


Innate Abilities, Weirdness & Mutations

You have a pair of horns on your head.
You reflexively headbutt those who attack you in melee.


Message History

The goblin unwields a +0 dagger.
The goblin wields a +0 sling.
The goblin shoots a sling bullet.
The sling bullet barely misses you.
You barely miss the endoplasm. You headbutt the endoplasm.
The endoplasm is heavily wounded.
You closely miss the orc priest.
The orc priest hits you but does no damage.
The endoplasm hits you but does no damage.
You hit the endoplasm.
The endoplasm is almost dead.
You hit the orc priest but do no damage.
The orc priest invokes the aid of Beogh against you.
Beogh smites you!
The endoplasm hits you but does no damage.
You slash the endoplasm!
You kill the endoplasm!
You slash the orc priest! You block the orc priest's attack.
The orc misses you.
The orc priest hits you with a +0 dagger.
The orc priest hits you but does no damage.
You see here 11 gold pieces.
You hit the orc. You headbutt the orc.
You kill the orc!
The orc priest calls down the wrath of Beogh upon you.
Pain shoots through your body!
You completely miss the endoplasm. You headbutt the endoplasm.
The endoplasm is almost dead.
The endoplasm hits you. The endoplasm freezes you.
You are frozen.
You feel a terrible chill!
You hit the endoplasm.
You kill the endoplasm!
The orc priest looks satisfied for a moment.
You closely miss the orc. The orc hits you but does no damage.
You hit the orc.
The orc is severely wounded.
The orc barely misses you.
You barely miss the orc.
The orc priest calls down the wrath of Beogh upon you.
Beogh smites you!
You die...

#..†......##...
.................+
#......##........#
.......##......#.#
........#......#.# ....
........#......#.# .....
#.............!#.# .....
..#####.####.###.#..l...
..# #.# #.. #@#!.....
#.# #.## #..#o#......
#.# #..# #.#ol......
#.######.### #..oo......
#.......∩..#####>#######
#..#####.#.......#
#..#.....#.......#
#<.#.##.##.......# ##.#
#.##.......#


You could see an orc priest, 3 orcs and a frilled lizard.

Vanquished Creatures
  2 adders (D:2)
  2 dart slugs
  An orc (D:3)
  7 bats
  4 endoplasms
  5 goblins
  3 hobgoblins
  3 jackals (D:2)
  6 ball pythons
  A frilled lizard (D:2)
  7 kobolds
  A rat (D:1)
42 creatures vanquished.

Notes
Turn   | Place    | Note
-------+----------+-------------------------------------------
     0 | D:1      | bmack86 the Minotaur Fighter began the quest for the Orb.
     0 | D:1      | Reached XP level 1. HP: 19/19 MP: 0/0
   186 | D:1      | Reached XP level 2. HP: 26/27 MP: 1/1
   659 | D:2      | Reached XP level 3. HP: 30/33 MP: 2/2
   793 | D:2      | Reached skill level 1 in Throwing
  1308 | D:3      | Found Neeha's Jewellery Shop.
  1316 | D:3      | Found Etroorgh's Weapon Shop.
  1388 | D:3      | Found a sacrificial altar of Ru.
  1431 | D:3      | Found Vofotieng's Weapon Emporium.
  1489 | D:3      | Found Amuadu's Weapon Shoppe.
  1551 | D:3      | Killed from afar by an orc priest

Illustrated notes

Levels and vault maps discovered:
D:1:      tarquinn_simple_flora_water_e, layout_rooms
D:2:      layout_loops_ring
D:3:      layout_basic, lemuel_doored_altar, lemuel_crystal_altar,
          nicolae_tso_carved_into_rock, serial_shops, nicolae_shop_crystal,
          nicolae_shop_crystal, nicolae_shop_advertising_works
          [nicolae_subvault_shop_adworks], nicolae_shop_crystal

Skill      XL: |  1  2  3 |
---------------+----------+-----
Axes           | 3 |  3.6
Armour         | 4 |  4.1
Shields        | 4 |  4.1
Fighting       | 4 |  4.1
Throwing       | 1 |  1.1

Action                   || total
-------------------------++-------
Melee: War axe           ||    87
       Headbutt          ||    15
  Use: Scroll            ||     3
Armor: Scale mail        ||    55
Dodge: Dodged            ||    55
Block: Buckler           ||    35

Table legend: (Time is in decaauts)
 A = Elapsed time spent in this place.
 B = Non-inter-level travel time spent in this place.
 C = Inter-level travel time spent in this place.
 D = Time resting spent in this place.
 E = Time spent auto-exploring this place.
 F = Levels seen in this place.
 G = Mean time per level.
                   A        B        C        D        E       F      G
               +--------+--------+--------+--------+--------+-----+--------+
         Total |   1583 |   1573 |     10 |      0 |   1014 |   3 |  527.7 |
       Dungeon |   1583 |   1573 |     10 |      0 |   1014 |   3 |  527.7 |
               +--------+--------+--------+--------+--------+-----+--------+

Top non-repeatable levels by time:
     D:2: 774 daAuts
     D:1: 550 daAuts
     D:3: 258 daAuts
